 Dungeon Crawl Stone Soup version 0.28.0-45-g0d030f2227 (console) character file.

Game seed: 227431100243249671

1434 CuBeRJAN3 the Magician (level 9, 0/63 HPs)
             Began as a Djinni Conjurer on Apr 1, 2022.
             Slain by Edmund
             ... wielding a +3 flail of holy wrath
              (9 damage)
             ... on level 6 of the Dungeon.
             The game lasted 00:18:37 (7885 turns).

CuBeRJAN3 the Magician (Djinni Conjurer)            Turns: 7885, Time: 00:18:38

Health: 0/63       AC:  2    Str:  6    XL:     9   Next: 3%
Gold:   235        EV: 14    Int: 22    God:
                   SH:  0    Dex: 14

rFire   + + .      SeeInvis .   e - staff of poison
rCold   x . .      Faith    .   (no shield)
rNeg    . . .      Spirit   .   a - +0 robe
rPois   ∞          Reflect  .   (no helmet)
rElec   .          Harm     .   (no cloak)
rCorr   .          Rampage  .   (no gloves)
Will    .....                   (boots unavailable)
Stlth   +++.......              (no amulet)
HPRegen 0.20/turn               (no ring)
MPRegen 0.00/turn               (no ring)

@: flying, very slightly contaminated
A: sickness immunity, fire resistance 2, cold vulnerability 1, float, innate
caster, HP casting, extra vitality 1
a: no special abilities


You were on level 6 of the Dungeon.
You visited 1 branch of the dungeon, and saw 6 of its levels.

You collected 235 gold pieces.

Inventory:

Armour
 a - a +0 robe (worn)
Magical Staves
 e - a staff of poison (weapon)
Scrolls
 b - a scroll of amnesia {unknown}
 c - a scroll of blinking {unknown}
 i - 3 scrolls of identify {unknown}
 j - a scroll of fear {unknown}
 l - 2 scrolls of fog {unknown}
 n - 3 scrolls of magic mapping {unknown}
 p - a scroll of enchant weapon {unknown}
 q - 2 scrolls of holy word {unknown}
 r - 2 scrolls of noise {unknown}
 s - a scroll of immolation {unknown}
Potions
 d - a potion of might {unknown}
 f - 4 potions of curing {unknown}
 g - a potion of berserk rage {unknown}
 h - 5 potions of heal wounds {unknown}
 k - 2 potions of haste {unknown}
 m - a potion of cancellation {unknown}
 o - a potion of brilliance {unknown}


   Skills:
 + Level 4.4 Fighting
 + Level 5.6 Dodging
 + Level 4.4 Stealth
 * Level 6.0 Spellcasting


You couldn't memorise any spells.
You knew the following spells:

 Your Spells              Type           Power      Damage    Failure   Level
a - Magic Dart            Conj           100%       1d8       1%          1
b - Searing Ray           Conj           66%        2d6       1%          2
c - Dazzling Flash        Conj/Hex       66%        N/A       2%          3
d - Fulminant Prism       Conj/Hex       16%        3d11      8%          4
e - Iskenderun's Mystic   Conj/Tloc      33%        2d8       8%          4
f - Freeze                Ice            100%       1d11      1%          1
g - Ensorcelled Hibernat  Hex/Ice        66%        N/A       1%          2
h - Stone Arrow           Conj/Erth      66%        3d11      2%          3
i - Spider Form           Tmut/Pois      50%        N/A       2%          3
Your spell library was empty.

Dungeon Overview and Level Annotations

Branches:
Dungeon (6/15)             Temple (0/1) D:6

Altars:
Dithmenos
Hepliaklqana
Sif Muna
Yredelemnul

Annotations:
D:5 1 runed translucent door, Crazy Yiuf
D:6 Edmund


Innate Abilities, Weirdness & Mutations

You are immune to sickness and miasma.
You are immune to poison.
Your flesh is very heat resistant. (rF++)
You are vulnerable to cold. (rC-)
You float through the air rather than walking.
You learn spells naturally, not from books.
Your magical power is your life essence.
You have superior vitality. (+4 MHP)


Message History

You hear an angry hiss.
Your Spellcasting skill increases to level 6!
You have reached level 9!
Your experience leads to an increase in your attributes!
Increase (S)trength, (I)ntelligence, or (D)exterity?
You feel agile. x2
The power to cast Spider Form wells up from within.
Spell assigned to 'i'.
Casting: Fulminant Prism (dangerous; 8% risk of failure)
Confirm with . or Enter, or press ? or * to list all spells.
Aiming: Searing Ray (safe; 1% risk of failure)
Press: ? - help, Shift-Dir - straight line, f - Edmund
Aim: Edmund, wielding a +3 flail of holy wrath and wearing a +0 chain mail (heavily wounded, 86% to hit)
The searing ray hits Edmund.
Edmund is heavily wounded. (Press . to maintain the ray.) Edmund hits you with a +3 flail of holy wrath.
The searing ray hits Edmund.
Edmund is heavily wounded.
Edmund hits you with a +3 flail of holy wrath.
Casting: Searing Ray (safe; 1% risk of failure)
Confirm with . or Enter, or press ? or * to list all spells.
You erupt in a blast of force!
The mystic blast hits Edmund but does no damage.
Edmund is heavily wounded.
Edmund hits you with a +3 flail of holy wrath!
Casting: Iskenderun's Mystic Blast (dangerous; 8% risk of failure)
Confirm with . or Enter, or press ? or * to list all spells.
You miscast Iskenderun's Mystic Blast.
You are very lightly contaminated with residual magic.
Nothing appears to happen.
Edmund hits you with a +3 flail of holy wrath!
* * * LOW HITPOINT WARNING * * *
Casting: Iskenderun's Mystic Blast (dangerous; 8% risk of failure)
Confirm with . or Enter, or press ? or * to list all spells.
You erupt in a blast of force!
The mystic blast hits Edmund.
Edmund is severely wounded.
* * * LOW HITPOINT WARNING * * *
Edmund hits you with a +3 flail of holy wrath!
You die...

..#. .... ..... ### .....
#.. ......
...##.###......
.>............. .
#.#.#.....# ..
#.#@#.....###
...####.#@#.......# #####
..........#.......# #..<#
...##.#.###.......# #..)#
#.....###.......# #.[)#
#.#.............#
#..)####
#.#.#####.#'############
#.)....# #.## #.#....#
#...... #......###.#
#.####.# #......
#..........#######.####.#
#......
###....###..............#
###.### #..[.#
#.######.......#####....


You could see Edmund.

Vanquished Creatures
  2 ice beasts (D:6)
  A sky beast (D:5)
  2 necrophages
  A phantom (D:5)
  A bullfrog (D:4)
  A kobold brigand (D:6)
  2 scorpions (D:6)
  4 jellies
  2 orc priests
  6 hounds
  A centaur zombie (D:5)
  2 gnoll shamans
  An iguana (D:5)
  8 gnolls
  A white imp (D:5)
  An ufetubus (D:3)
  4 worms
  3 dart slugs
  9 orcs
  12 endoplasms
  2 giant cockroaches (D:4)
  3 goblins
  6 hobgoblins
  3 quokkas (D:1)
  7 ball pythons
  5 bats
  2 frilled lizards (D:1)
  16 kobolds
  6 rats
114 creatures vanquished.

Vanquished Creatures (others)
  4 fulminant prisms (D:6)
  4 fungi
  5 toadstools (D:2)
13 creatures vanquished.

Grand Total: 127 creatures vanquished

Notes
Turn   | Place    | Note
-------+----------+-------------------------------------------
     0 | D:1      | CuBeRJAN3 the Djinni Conjurer began the quest for the Orb.
     0 | D:1      | Reached XP level 1. HP: 15/15 MP: 0/0
     2 | D:1      | Noticed a gargoyle
     4 | D:1      | Noticed a minotaur
     6 | D:1      | Noticed a troll
     8 | D:1      | Noticed a demigod
    10 | D:1      | Noticed a formicid
    12 | D:1      | Noticed a vine stalker
    12 | D:1      | Noticed an octopode
    14 | D:1      | Noticed a felid
    14 | D:1      | Noticed a ghoul
    16 | D:1      | Noticed a naga
    16 | D:1      | Noticed a tengu
    18 | D:1      | Noticed a vampire
    18 | D:1      | Noticed an ogre
    20 | D:1      | Noticed a demonspawn
    20 | D:1      | Noticed a human
    22 | D:1      | Noticed a dwarf
    22 | D:1      | Noticed a draconian
    24 | D:1      | Noticed an elf
    24 | D:1      | Noticed a merfolk
    26 | D:1      | Noticed a spriggan
   255 | D:1      | Found a faded altar of an unknown god.
   368 | D:1      | Reached XP level 2. HP: 16/22 MP: 0/0
  1182 | D:1      | Reached XP level 3. HP: 24/26 MP: 0/0
  1182 | D:1      | Learned a level 1 spell: Freeze
  1314 | D:1      | Reached skill level 1 in Fighting
  1626 | D:2      | Reached XP level 4. HP: 2/32 MP: 0/0
  2491 | D:2      | Reached skill level 4 in Spellcasting
  2491 | D:2      | Reached XP level 5. HP: 27/38 MP: 0/0
  2491 | D:2      | Learned a level 2 spell: Ensorcelled Hibernation
  4137 | D:3      | Found a shadowy altar of Dithmenos.
  4484 | D:3      | Reached XP level 6. HP: 39/43 MP: 0/0
  4945 | D:4      | Found a basalt altar of Yredelemnul.
  5316 | D:4      | Reached XP level 7. HP: 24/49 MP: 0/0
  5316 | D:4      | Learned a level 3 spell: Stone Arrow
  5562 | D:5      | Entered Level 5 of the Dungeon
  5847 | D:5      | Found a hazy altar of Hepliaklqana.
  5955 | D:5      | Found a runed translucent door.
  5956 | D:5      | Noticed Crazy Yiuf
  6125 | D:5      | Reached skill level 5 in Spellcasting
  6453 | D:5      | Reached XP level 8. HP: 47/56 MP: 0/0
  7186 | D:6      | Reached skill level 5 in Dodging
  7611 | D:6      | Found a staircase to the Ecumenical Temple.
  7873 | D:6      | Noticed Edmund
  7881 | D:6      | Reached skill level 6 in Spellcasting
  7881 | D:6      | Reached XP level 9. HP: 50/63 MP: 0/0
  7881 | D:6      | Learned a level 3 spell: Spider Form
  7885 | D:6      | Slain by Edmund

Illustrated notes

Levels and vault maps discovered:
D:1:      kb_arrival_jail, layout_basic, shapermc_ecumenical_altar_flowoftime
D:2:      cheibrodos_fertilizer, layout_basic, chequers_serial_rivers_room_a
D:3:      layout_basic, led_sif_pool, nicolae_dithmenos_through_a_glass_darkly
D:4:      layout_basic, mainiacjoe_overflow_brackets
D:5:      layout_gridville, mainiacjoe_overflow_cross_hatched,
          uniq_crazy_yiuf_cottage
D:6:      cheibrodos_steamvent, layout_basic, minmay_temple_entry_purple_smoke,
          uniq_sigmund, uniq_edmund

Skill      XL: |  1  2  3  4  5  6  7  8 |
---------------+-------------------------+-----
Fighting       | 1 2 3 4 |  4.4
Stealth        | 2 3 4 |  4.4
Dodging        | 3 4 5 |  5.6
Spellcasting   | 4 5 6 |  6.0

Action                   |  1- 3 |  4- 6 |  7- 9 || total
-------------------------+-------+-------+-------++-------
Melee: Staff             |       |     1 |     1 ||     2
 Cast: Magic Dart        |    72 |    90 |    34 ||   196
       Searing Ray       |       |    19 |     6 ||    25
       Stone Arrow       |       |       |    33 ||    33
       Fulminant Prism   |       |       |     4 ||     4
       Iskenderun's Myst |       |       |     4 ||     4
Armor: Robe              |     2 |       |     2 ||     4
Dodge: Dodged            |     6 |     8 |    10 ||    24
